 Dungeon Crawl Stone Soup version 0.20.0-15-g7f486f2 (webtiles) character file.

692 vishdafish the Digger (level 7, -14/84 HPs)
             Began as a Red Draconian Earth Elementalist on June 29, 2017.
             Was an Initiate of Cheibriados.
             Demolished by a two-headed ogre
             ... wielding a +0 giant spiked club
              (18 damage)
             ... on level 5 of the Dungeon.
             The game lasted 00:14:23 (4646 turns).

vishdafish the Digger (DrEE)                        Turns: 4646, Time: 00:14:24

Health: -14/84     AC: 23    Str: 11    XL:     7   Next: 36%
Magic:  13/13      EV:  2    Int: 19    God:    Cheibriados [......]
Gold:   221        SH:  0    Dex: 12    Spells: 13/14 levels left

rFire    . . .     SeeInvis .   h - +1 falchion (elec)
rCold    . . .     Gourm    .   (no shield)
rNeg     + + +     Faith    .   (armour unavailable)
rPois    +         Spirit   .   (helmet currently unavailable)
rElec    .         Reflect  .   (cloak currently unavailable)
rCorr    .         Harm     .   (gloves currently unavailable)
MR       .....     NoTele   +   (boots currently unavailable)
Stlth    ++........             (no amulet)
Regen    0.3/turn               j - +3 ring of evasion
MPRegen  0.2/turn               x - ring of flight

@: tree-form, very slow
A: (breathe fire), unfitting armour, AC +6
a: Bend Time, Renounce Religion


You were on level 5 of the Dungeon.
You worshipped Cheibriados.
Cheibriados was noncommittal.
You were not hungry.
You were a tree.
You visited 2 branches of the dungeon, and saw 6 of its levels.

You collected 221 gold pieces.

Inventory:

Hand Weapons
 h - a +1 falchion of electrocution (weapon)
Missiles
 b - 45 stones (quivered)
Armour
 y - a +0 buckler
 z - a +0 cloak (melded)
Jewellery
 j - a +3 ring of evasion (left branch)
 x - a ring of flight (right branch)
Wands
 o - a wand of polymorph (18/24)
 w - a wand of digging (9/24)
Scrolls
 e - a scroll of identify
 k - 2 scrolls of fear
 l - 2 scrolls of remove curse {unknown}
 m - 3 scrolls of magic mapping {unknown}
 n - a scroll of amnesia {unknown}
 p - a scroll of enchant weapon {unknown}
 t - a scroll of recharging {unknown}
 v - a scroll of fog {unknown}
 A - a scroll of teleportation {unknown}
Potions
 g - a potion of cancellation
 i - a potion of heal wounds
 q - 3 potions of curing
 r - a potion of degeneration
 u - a potion of brilliance
Books
 d - a book of Geomancy

   Spells                             Type                      Level
   a - Sandblast                      Earth                        1
   b - Passwall                       Transmutation/Earth          2
   c - Stone Arrow                    Conjuration/Earth            3
   d - Petrify                        Transmutation/Earth          4
   e - Lee's Rapid Deconstruction     Earth                        5
Comestibles
 c - 5 bread rations
 f - a meat ration
 s - 12 fruits


   Skills:
 + Level 2.7 Fighting
 * Level 4.2 Dodging
 - Level 1.7 Stealth
 + Level 1.4 Shields
 - Level 0.2 Unarmed Combat
 * Level 4.4 Spellcasting
   Level 1.0 Transmutations
 * Level 5.0 Earth Magic


You had 13 spell levels left.
You knew the following spells:

 Your Spells              Type           Power        Failure   Level  Hunger
a - Sandblast             Erth           ###...       1%          1    None


Dungeon Overview and Level Annotations

Branches:
Dungeon (5/15)             Temple (1/1) D:5

Altars:
Ashenzari
Cheibriados
Dithmenos
Elyvilon
Gozag
Nemelex Xobeh
Okawaru
Qazlal
Sif Muna
Trog
Vehumet
Xom
Zin
The Shining One

Annotations:
D:3 Sigmund


Innate Abilities, Weirdness & Mutations

((You can breathe blasts of fire.))
((Your fiery red scales are hard. (AC +6)))
You cannot fit into any form of body armour.
((Your flesh is heat resistant. (rF+)))
((You are cold-blooded and may be slowed by cold attacks.))


Message History

You kill the scorpion!
Cheibriados appreciates the change of pace.
The two-headed ogre hits you with a giant spiked club!!
* * * LOW HITPOINT WARNING * * *
The two-headed ogre hits you but does no damage.
Okay, then.
You feel much better.
The two-headed ogre hits you with a giant spiked club!
The two-headed ogre hits you with a giant club!
You hit the two-headed ogre.
The two-headed ogre is moderately wounded.
The two-headed ogre hits you with a giant spiked club!
* * * LOW HITPOINT WARNING * * *
The two-headed ogre hits you with a giant club!
* * * LOW HITPOINT WARNING * * *
You hit the two-headed ogre but do no damage.
Lightning courses through the two-headed ogre!
The two-headed ogre is heavily wounded.
The two-headed ogre hits you with a giant spiked club!!
You die...

## .# ##### .# #...# .#
#...# ######
#######...######♣O..#..
........................
#....##.............#...
....................# #
.≈≈≈≈≈..............#
≈≈≈≈≈≈≈≈........##....
≈≈≈≈≈≈≈≈≈≈......# .....
≈≈≈≈≈≈≈≈≈≈≈.....# .....
≈≈...≈≈≈≈≈≈..#######...


You could see a two-headed ogre.

Vanquished Creatures
  A sky beast (D:5)
  A phantom (D:4)
  3 scorpions
  A jelly (D:5)
  A centaur skeleton (D:5)
  2 orc wizards
  Terence (D:3)
  An iguana (D:4)
  A worker ant (D:4)
  A howler monkey skeleton (D:4)
  6 adders
  3 oozes
  2 adder skeletons
  5 worms
  5 dart slugs
  5 leopard geckos
  An orc (D:5)
  5 giant cockroaches
  5 goblins
  5 hobgoblins
  A jackal (D:5)
  2 quokkas
  A ball python (D:4)
  5 bats
  5 frilled lizards
  9 kobolds
  11 rats
89 creatures vanquished.

Notes
Turn   | Place    | Note
-------+----------+-------------------------------------------
     0 | D:1      | vishdafish the Draconian Earth Elementalist began the quest for the Orb.
     0 | D:1      | Reached XP level 1. HP: 14/14 MP: 3/3
   240 | D:1      | Reached XP level 2. HP: 12/20 MP: 5/5
   676 | D:1      | Reached XP level 3. HP: 13/26 MP: 4/6
  1570 | D:2      | Reached XP level 4. HP: 34/34 MP: 5/8
  2090 | D:3      | Reached skill level 1 in Fighting
  2090 | D:3      | Reached XP level 5. HP: 32/40 MP: 1/9
  2279 | D:3      | Reached skill level 4 in Earth Magic
  2481 | D:3      | Noticed Terence
  2490 | D:3      | Killed Terence
  2563 | D:3      | Noticed Sigmund
  3038 | D:4      | Reached XP level 6. HP: 34/47 MP: 4/11
  3371 | D:4      | Found a shadowy altar of Dithmenos.
  3693 | D:5      | Entered Level 5 of the Dungeon
  3712 | D:5      | Noticed an orc warrior
  3738 | D:5      | Noticed a sky beast
  4134 | D:5      | Killed a sky beast
  4134 | D:5      | Reached skill level 1 in Shields
  4134 | D:5      | Your scales start taking on a fiery red colour.
  4134 | D:5      | Reached XP level 7. HP: 56/56 MP: 9/13
  4134 | D:5      | Gained mutation: Your flesh is heat resistant. (rF+) [Red Draconian growth]
  4141 | D:5      | Found a staircase to the Ecumenical Temple.
  4230 | Temple   | Entered the Ecumenical Temple
  4326 | Temple   | Became a worshipper of Cheibriados the Contemplative
  4372 | D:5      | Found an iron altar of Okawaru.
  4618 | D:5      | Noticed a two-headed ogre
  4635 | D:5      | Reached skill level 5 in Earth Magic
  4645 | D:5      | HP: 4/84 [two-headed ogre/giant spiked club (13)]
  4646 | D:5      | Demolished by a two-headed ogre

Skill      XL: |  1  2  3  4  5  6  7 |
---------------+----------------------+-----
Dodging        | 2 3 4 |  4.2
Fighting       | 1 2 |  2.7
Spellcasting   | 3 4 |  4.4
Earth Magic    | 4 5 |  5.0
Shields        | 1 |  1.4
Stealth        | |  1.7
Unarmed Combat | |  0.2
Transmutations | |  1.0

Action                   |  1- 3 |  4- 6 |  7- 9 || total
-------------------------+-------+-------+-------++-------
Melee: Unarmed           |   150 |   153 |       ||   303
       Tailslap          |     8 |    13 |       ||    21
       Falchion          |       |     1 |    23 ||    24
 Cast: Sandblast         |    41 |    79 |     4 ||   124
 Abil: Breathe Fire      |       |       |     1 ||     1
  Use: Potion            |       |     1 |     5 ||     6
       Scroll            |       |     3 |     3 ||     6
 Stab: Sleeping          |     4 |     2 |       ||     6
  Eat: Chunk             |     2 |     3 |       ||     5
       Fruit             |       |     4 |       ||     4
       Royal jelly       |       |     1 |       ||     1
       Meat ration       |       |       |     1 ||     1
Armor: Skin              |    45 |    41 |    31 ||   117
Dodge: Dodged            |   148 |   146 |     9 ||   303
       Rpst.: Falchion   |       |     2 |     4 ||     6
